 Dungeon Crawl Stone Soup version 0.20-a0-1040-gfd09691 (webtiles) character file.

5660 Murumi the Unseen (level 10, -5/71 HPs)
             Began as a Vampire Enchanter on Apr 23, 2017.
             Was a Priest of Dithmenos.
             Slain by a four-headed hydra (14 damage)
             ... on level 1 of the Lair of Beasts.
             The game lasted 00:49:32 (13512 turns).

Murumi the Unseen (Vampire Enchanter)              Turns: 13512, Time: 00:49:33

Health: -5/71      AC:  3    Str:  7    XL:     10   Next: 47%
Magic:  8/16       EV: 16    Int: 18    God:    Dithmenos [***...]
Gold:   620        SH:  0    Dex: 18    Spells: 3/17 levels left

rFire    + . .     SeeInvis +   a - +1 dagger
rCold    . . .     Gourm    .   (no shield)
rNeg     + + .     Faith    .   b - +0 robe
rPois    +         Spirit   .   (no helmet)
rElec    .         Reflect  .   (no cloak)
rCorr    .         Harm     .   t - +0 pair of gloves
MR       +....                  (no boots)
Stlth    ++++++++++             (no amulet)
Regen    0.1/turn               o - ring of fire
MPRegen  0.2/turn               (no ring)

@: regenerating slowly, wreathed by umbra
A: fangs 3, see invisible, unbreathing
a: Bat Form, Shadow Step, Renounce Religion


You were on level 1 of the Lair of Beasts.
You worshipped Dithmenos.
Dithmenos was most pleased with you.
You were near bloodless.

You visited 2 branches of the dungeon, and saw 10 of its levels.

You collected 620 gold pieces.

Inventory:

Hand Weapons
 a - a +1 dagger (weapon)
Armour
 b - a +0 robe (worn)
 t - a +0 pair of gloves (worn)
Jewellery
 o - a ring of fire (left hand)
Wands
 B - a wand of disintegration (14/24)
 C - a wand of paralysis (11/24)
 F - a wand of acid (7/15)
Scrolls
 h - 3 scrolls of immolation {unknown}
 i - 4 scrolls of teleportation {unknown}
 j - 2 scrolls of random uselessness {unknown}
 l - 2 scrolls of noise {unknown}
 m - 5 scrolls of recharging {unknown}
 q - 2 scrolls of magic mapping {unknown}
 r - 4 scrolls of remove curse {unknown}
 s - a scroll of fear {unknown}
 u - 2 scrolls of fog {unknown}
 w - 2 scrolls of amnesia {unknown}
Potions
 d - 4 potions of blood
 e - a potion of invisibility
 f - 5 potions of curing
 g - 3 potions of agility
 k - 3 potions of flight
 n - a potion of magic
 v - 3 potions of brilliance
 x - 4 potions of haste
 z - 3 potions of heal wounds
 A - a potion of mutation {unknown}
 D - a potion of cancellation {unknown}
 E - a potion of might {unknown}
Books
 c - a book of Maledictions

   Spells                             Type                      Level
   a - Corona                         Hexes                        1
   b - Ensorcelled Hibernation        Hexes/Ice                    2
   c - Confuse                        Hexes                        3
   d - Tukima's Dance                 Hexes                        3
   e - Dazzling Spray                 Conjuration/Hexes            3
 p - a book of Minor Magic

   Spells                             Type                      Level
   a - Magic Dart                     Conjuration                  1
   b - Blink                          Translocation                2
   c - Call Imp                       Summoning                    2
   d - Slow                           Hexes                        2
   e - Conjure Flame                  Conjuration/Fire             3
   f - Mephitic Cloud                 Conjuration/Poison/Air       3
 y - a book of Frost

   Spells                             Type                      Level
   a - Freeze                         Ice                          1
   b - Throw Frost                    Conjuration/Ice              2
   c - Ozocubu's Armour               Charms/Ice                   3
   d - Throw Icicle                   Conjuration/Ice              4
   e - Summon Ice Beast               Ice/Summoning                4


   Skills:
 - Level 4.1 Fighting
 + Level 5.6 Short Blades
 - Level 5.2 Dodging
 - Level 16.0 Stealth
 - Level 4.0 Spellcasting
 - Level 9.2 Hexes
 - Level 3.0 Translocations


You had 3 spell levels left.
You knew the following spells:

 Your Spells              Type           Power        Failure   Level  Hunger
a - Corona                Hex            #####..      1%          1    None
b - Ensorcelled Hibernat  Hex/Ice        ###...       3%          2    ##.....
c - Confuse               Hex            #####...     1%          3    ###....
d - Blink                 Tloc           N/A          6%          2    ##.....
e - Tukima's Dance        Hex            #####...     1%          3    ###....
f - Dazzling Spray        Conj/Hex       ###...       7%          3    ###....


Dungeon Overview and Level Annotations

Branches:
Dungeon (9/15)             Temple (0/1) D:4            Lair (1/6) D:8
    Orc: D:9-12

Altars:
Ashenzari
Dithmenos
Fedhas
Gozag
Hepliaklqana
Kikubaaqudgha
Nemelex Xobeh
Okawaru
Trog
Wu Jian
Xom
Yredelemnul
Zin


Innate Abilities, Weirdness & Mutations

You heal slowly.
You have razor-sharp teeth.
You have supernaturally acute eyesight. (SInv)
You can survive without breathing.


Message History

Confirm with . or Enter, or press ? or * to list all spells.
Aiming: Ensorcelled Hibernation
Press: ? - help, Shift-Dir - straight line, f/p - four-headed hydra
Aim: a four-headed hydra (lightly wounded, umbra, chance to defeat MR: 18%)
The four-headed hydra resists with almost no effort.
The four-headed hydra completely misses you.
The four-headed hydra misses you.
The four-headed hydra completely misses you.
The four-headed hydra misses you.
Casting: Ensorcelled Hibernation
Confirm with . or Enter, or press ? or * to list all spells.
Aiming: Ensorcelled Hibernation
Press: ? - help, Shift-Dir - straight line, f/p - four-headed hydra
Aim: a four-headed hydra (umbra, chance to defeat MR: 18%)
The four-headed hydra resists with almost no effort.
The four-headed hydra bites you!
* * * LOW HITPOINT WARNING * * *
The four-headed hydra barely misses you.
The four-headed hydra bites you!
You die...

......##..>##.P#
♣.........#..#
♣♣............# .
♣........÷...# ..
♣............# F..
♣.....%.....# ..
♣♣..(....<...#
♣..♣.♣...D.......###
♣.....#.@........#
♣..♣.♣♣.#P.........#
.. ♣..........####
#♣ ##.####.....# ###
#P.#.## ######


You could see a four-headed hydra.

Vanquished Creatures
  The ghost of frotz the Firebug, a novice DrFE (D:5)
  A spiny frog (Lair:1)
  A hippogriff (D:9)
  A hungry ghost (D:8)
  Eustachio (D:4)
  3 chaos spawn (D:8)
  2 wargs (D:8)
  A water moccasin (D:7)
  2 ice beasts
  4 sky beasts
  6 orc warriors
  A black bear (D:8)
  4 phantoms
  4 ogres
  6 centaurs
  3 bullfrogs
  A gnoll sergeant (D:5)
  2 scorpions (D:8)
  2 howler monkeys
  6 crimson imps
  2 bullfrog zombies
  A jelly (D:7)
  A gnoll shaman (D:8)
  8 orc priests
  5 worker ants
  7 orc wizards
  A hound skeleton (D:9)
  9 gnolls
  9 adders
  2 shadow imps
  An adder zombie (D:7)
  An adder skeleton (D:8)
  3 worms
  3 dart slugs
  4 leopard geckos
  31 orcs
  14 bats
  3 giant cockroaches
  15 goblins
  17 hobgoblins
  2 jackals (D:6)
  2 quokkas (D:5)
  3 ball pythons (D:3)
  A ball python zombie (D:5)
  4 frilled lizards
  9 kobolds
  8 rats
218 creatures vanquished.

Vanquished Creatures (others)
  2 plants (D:1)
2 creatures vanquished.

Grand Total: 220 creatures vanquished

Notes
Turn   | Place    | Note
-------+----------+-------------------------------------------
     0 | D:1      | Murumi the Vampire Enchanter began the quest for the Orb.
     0 | D:1      | Reached XP level 1. HP: 13/13 MP: 3/3
   524 | D:1      | Reached skill level 5 in Stealth
   563 | D:1      | Reached XP level 2. HP: 20/20 MP: 5/5
   567 | D:1      | Learned a level 2 spell: Ensorcelled Hibernation
   593 | D:1      | Reached skill level 1 in Fighting
  1045 | D:1      | Reached skill level 5 in Hexes
  1526 | D:2      | Reached XP level 3. HP: 26/26 MP: 6/6
  1601 | D:2      | Reached skill level 6 in Stealth
  2267 | D:2      | Learned a level 3 spell: Confuse
  2592 | D:2      | Found an iron altar of Okawaru.
  2593 | D:2      | Found a bloodstained altar of Trog.
  2797 | D:2      | Reached XP level 4. HP: 16/32 MP: 7/7
  3342 | D:3      | Reached skill level 7 in Stealth
  3343 | D:3      | Noticed an angel
  3344 | D:3      | Found a glowing silver altar of Zin.
  3344 | D:3      | Found a shimmering altar of Xom.
  3350 | D:3      | Found a shadowy altar of Dithmenos.
  3351 | D:3      | Found a blossoming altar of Fedhas.
  3351 | D:3      | Found an opulent altar of Gozag.
  3373 | D:3      | Found a shattered altar of Ashenzari.
  3850 | D:3      | Became a worshipper of Dithmenos the Shadowed
  3859 | D:3      | Reached skill level 8 in Stealth
  4224 | D:4      | Found a staircase to the Ecumenical Temple.
  4723 | D:4      | Reached XP level 5. HP: 35/37 MP: 8/8
  4727 | D:4      | Learned a level 2 spell: Blink
  4810 | D:4      | Found a sparkling altar of Nemelex Xobeh.
  4882 | D:4      | Noticed Eustachio
  4887 | D:4      | Killed Eustachio
  4887 | D:4      | Reached XP level 6. HP: 43/43 MP: 9/9
  5621 | D:5      | Entered Level 5 of the Dungeon
  5744 | D:5      | Reached skill level 5 in Short Blades
  5745 | D:5      | Noticed frotz's ghost (novice DrFE)
  5759 | D:5      | Killed frotz's ghost
  5759 | D:5      | Reached skill level 10 in Stealth
  5759 | D:5      | Reached XP level 7. HP: 48/48 MP: 5/10
  6165 | D:5      | Reached skill level 11 in Stealth
  6517 | D:5      | Reached skill level 1 in Translocations
  6810 | D:5      | Reached * piety under Dithmenos
  6813 | D:5      | Found a basalt altar of Yredelemnul.
  6852 | D:5      | Reached XP level 8. HP: 55/55 MP: 11/11
  6857 | D:5      | Learned a level 3 spell: Tukima's Dance
  8604 | D:6      | Reached skill level 12 in Stealth
  8705 | D:6      | Found a hazy altar of Hepliaklqana.
  8747 | D:6      | Reached ** piety under Dithmenos
  8945 | D:6      | Found an ancient bone altar of Kikubaaqudgha.
  9027 | D:7      | Reached XP level 9. HP: 65/65 MP: 12/12
  9284 | D:7      | Learned a level 3 spell: Dazzling Spray
  9745 | D:7      | Reached skill level 13 in Stealth
  9921 | D:8      | Found a shimmering altar of Xom.
 10735 | D:8      | Reached skill level 14 in Stealth
 10835 | D:8      | Reached skill level 5 in Dodging
 10914 | D:8      | Found a staircase to the Lair.
 11275 | D:8      | Found an ornate altar of the Wu Jian Council.
 11338 | D:8      | Reached XP level 10. HP: 71/71 MP: 11/14
 11347 | D:8      | Reached *** piety under Dithmenos
 11443 | D:8      | Reached skill level 15 in Stealth
 11874 | Lair:1   | Entered Level 1 of the Lair of Beasts
 11874 | Lair:1   | Noticed a spiny frog
 11874 | Lair:1   | Noticed a four-headed hydra
 11877 | Lair:1   | Killed a spiny frog
 11891 | Lair:1   | Noticed a spiny frog
 13211 | D:9      | Reached skill level 16 in Stealth
 13512 | Lair:1   | Slain by a four-headed hydra

Vault maps used:
D:1:      dpeg_arrival_arbitrary_a, serial_bayou_lagoon_a
D:2:      gammafunk_temple_overflow_statue
D:3:      grunt_temple_overflow_order_and_chaos_1,
          chequers_temple_overflow_statue_of_worship, first_bread,
          minmay_shallow_snake_nest
D:4:      cheibrodos_greedy_goblins, nemelex_xobeh_ov_fountains_minmay,
          minmay_temple_entry_grid, uniq_eustachio
D:5:      marbit_many_paths
D:6:      lemuel_round_altar, nicolae_overflow_crystal_walls
D:8:      overflow_temple_1_default, erik_lair_orcish_takeover,
          minmay_guarded_unrand_variability
D:9:      uniq_pikel
Lair:1:   wad_woods_pond, minmay_hedge_maze, uniq_joseph

Skill      XL: |  1  2  3  4  5  6  7  8  9 10 |
---------------+-------------------------------+-----
Stealth        | 5 6 8 10 11 12 14 16 | 16.0
Fighting       | 1 4 |  4.1
Hexes          | 5 7 8 9 |  9.2
Short Blades   | 4 5 |  5.6
Translocations | 2 3 |  3.0
Dodging        | 4 5 |  5.2
Spellcasting   | 3 4 |  4.0

Action                   |  1- 3 |  4- 6 |  7- 9 | 10-12 || total
-------------------------+-------+-------+-------+-------++-------
Melee: Dagger            |   222 |   183 |   365 |   108 ||   878
       Bite              |    17 |    13 |    33 |    13 ||    76
 Cast: Ensorcelled Hiber |     1 |     7 |    67 |    46 ||   121
       Confuse           |       |     1 |    18 |     7 ||    26
       Tukima's Dance    |       |       |     3 |       ||     3
       Blink             |       |       |     1 |       ||     1
 Abil: End Transformatio |       |       |     2 |     2 ||     4
       Bat Form          |       |       |     2 |     2 ||     4
  Use: Scroll            |     3 |     2 |     3 |     1 ||     9
       Potion            |     3 |     2 |    15 |     1 ||    21
 Stab: Sleeping          |    16 |    22 |    58 |    20 ||   116
       Distracted        |     1 |       |     2 |     3 ||     6
       Invisible         |     1 |       |       |       ||     1
       Confused          |       |     3 |     7 |     2 ||    12
  Eat: Corpse            |     1 |     1 |     1 |     2 ||     5
Armor: Robe              |    15 |    34 |    20 |     7 ||    76
Dodge: Dodged            |    84 |   121 |   216 |   113 ||   534
